[Event "Titled Tuesday Blitz November 08 Late 2022"]
[White "Kovacevic, Radmila"]
[Black "Howell, David W L"]
[WhiteFideId "933171"]
[BlackFideId "410608"]
[WhiteElo "2208"]
[BlackElo "2567"]
[Result "0-1"]
[Round "04"]
[TimeControl "180+1"]
[Date "2022.11.09"]
[WhiteClock "0:00:11"]
[BlackClock "0:00:45"]

1. e4 e6 2. d3 d5 3. Qe2 g6 4. Nf3 Bg7 5. g3 Ne7 6. Bg2 c5 7. O-O O-O 8. c3 Nd7 9. e5 Nc6 10. Bf4 b6 11. Re1 Ba6 12. Nbd2 h6 13. h4 Qe7 14. Qe3 Kh7 15. g4 Rae8 16. g5 h5 17. c4 Nb4 18. Rec1 Rd8 19. Nh2 Nb8 20. a3 N4c6 21. Nhf1 Nd4 22. cxd5 exd5 23. Kh2 Nf5 24. Qh3 Bxe5 25. Bxe5 Qxe5+ 26. f4 Qxf4+ 27. Kh1 Qxh4 28. b4 Bxd3 29. bxc5 bxc5 30. Rxc5 Bxf1 31. Rxf1 Ng3+ 32. Kg1 Qxh3 33. Bxh3 Nxf1 34. Kxf1 Kg7 35. Ke2 Rfe8+ 36. Kd3 Nd7 37. Rc7 Ne5+ 38. Kd4 Rd6 39. Rxa7 Nc6+ 40. Kc5 Nxa7 41. Kxd6 Nb5+ 42. Kxd5 Nxa3 43. Ne4 Nc2 44. Bd7 Ra8 45. Ke5 Ra5+ 46. Kf4 Nd4 47. Kg3 Rd5 48. Bc8 Rd8 49. Bh3 Ne2+ 50. Kf3 Nc3 51. Nf6 Rd3+ 52. Kg2 Nd5 53. Ne4 Nf4+ 54. Kf2 Rxh3 55. Kg1 Re3 56. Nf2 Rg3+ 57. Kh2 Rxg5 58. Nh3 Rg2+ 59. Kh1 Nxh3 60. Kxg2 Nf4+ 61. Kg3 g5 62. Kf3 Kg6 63. Ke4 f6 64. Kd4 f5 65. Ke3 Kf6 66. Kf2 Ke6 67. Kg1 Ke5 68. Kf2 h4 69. Kf1 g4 70. Kg1 Ne6 71. Kf1 f4 72. Kg1 Kf5 73. Kf1 Kg5 74. Kg1 Ng7 75. Kf1 Nf5 76. Kg1 f3 77. Kf1 Nh6 78. Kg1 Nf7 79. Kf1 Nh8 80. Kg1 Ng6 81. Kf1 Nf8 82. Kg1 Nd7 83. Kf1 Nb6 84. Kg1 Na8 85. Kf1 Nc7 86. Kg1 Nb5 87. Kf1 Nd4 88. Kg1 Nb3 89. Kf1 Na1 90. Kg1 Nc2 91. Kf1 Nd4 92. Kg1 Nf5 93. Kf1 Ng3+ 94. Kg1 Kf4 95. Kh2 Nh5 96. Kg1 g3 97. Kf1 h3 98. Ke1 Nf6 99. Kd2 Ng4 100. Kc3 Nh6 101. Kb4 Nf7 102. Kc5 Nh8 103. Kc6 Ng6 104. Kd7 Kg4 105. Ke8 Nf4 106. Kf7 Ng2 107. Kg8 f2 108. Kh7 h2 109. Kg7 Nf4 110. Kf6 Nh3 111. Ke5 Ng5 112. Kf6 g2 113. Kg7 Nf3 114. Kh8 Kg3 115. Kg7 Ng1 116. Kh8 Kf3 0-1


[Site "https://www.chess.com"]

[Event "Titled Tuesday Blitz November 08 Late 2022"]
[White "Kravtsiv, Martyn"]
[Black "Rodriguez Fontecha, Marcos"]
[WhiteFideId "14113147"]
[BlackFideId "2256576"]
[WhiteElo "2694"]
[BlackElo "2263"]
[Result "1-0"]
[Round "04"]
[TimeControl "180+1"]
[Date "2022.11.09"]
[WhiteClock "0:00:48"]
[BlackClock "0:00:17"]

1. e4 e6 2. d4 c5 3. Nf3 a6 4. Be2 b5 5. a4 b4 6. Be3 Nf6 7. Nbd2 Bb7 8. dxc5 Nxe4 9. Nxe4 Bxe4 10. O-O Qc7 11. Qd4 Bb7 12. Qxb4 Nc6 13. Qc3 f6 14. b4 Be7 15. Rfd1 O-O 16. a5 Na7 17. Qb3 Bd5 18. Rxd5 exd5 19. Qxd5+ Kh8 20. Rd1 Rad8 21. Bxa6 Nc6 22. Qc4 Ra8 23. Bb5 Rfb8 24. c3 Qb7 25. Ba4 Ra7 26. h3 Qc7 27. Bc2 g6 28. Bf4 Qd8 29. Bxb8 Nxb8 30. Re1 Kg7 31. Qd5 Nc6 32. Bb3 Qf8 33. Ba4 Nb8 34. Bb5 Qf7 35. Qxf7+ Kxf7 36. Nd4 Bd8 37. Bc4+ Kf8 38. Nb5 Ra8 39. Bd5 Nc6 40. Bxc6 dxc6 41. Nd4 Bxa5 42. Ra1 1-0


[Site "https://www.chess.com"]

[Event "Titled Tuesday Blitz November 08 Late 2022"]
[White "Krishnan, Varun"]
[Black "Stoyanov, Tsvetan"]
[WhiteFideId "5054508"]
[BlackFideId "2917173"]
[WhiteElo "2529"]
[BlackElo "2349"]
[Result "0-1"]
[Round "04"]
[TimeControl "180+1"]
[Date "2022.11.09"]
[WhiteClock "0:00:02"]
[BlackClock "0:00:40"]

1. e4 g6 2. d4 Bg7 3. Nc3 d6 4. Be3 a6 5. Be2 b5 6. h4 h6 7. h5 g5 8. Qd2 Bb7 9. a3 Nd7 10. f4 gxf4 11. Bxf4 e5 12. Be3 Ngf6 13. d5 Nc5 14. Bf3 Qd7 15. Nge2 Ng4 16. Bxc5 dxc5 17. Ng3 Bf6 18. Nf5 Bg5 19. Qe2 Nf6 20. Rd1 O-O-O 21. b4 cxb4 22. axb4 Ne8 23. Bg4 Kb8 24. Nxh6 Qe7 25. Nf5 Qxb4 26. Qf3 Nf6 27. O-O Rdg8 28. Ne2 Nxg4 29. Qxg4 Be3+ 30. Nxe3 Rxg4 31. Nxg4 Qxe4 32. Nf6 Qxe2 33. Rde1 Qxc2 34. Rxe5 Qc5+ 35. Kh1 Qd6 36. g4 Ka7 37. Rff5 Bc8 38. Ne4 Qb4 39. Rxf7 Qe1+ 40. Kg2 Qe2+ 41. Kg3 Qxg4+ 42. Kf2 Qh4+ 43. Ke3 Kb6 44. Rf6+ Ka5 45. Rc6 Rxh5 46. Rxc7 Rxe5 0-1


[Site "https://www.chess.com"]

[Event "Titled Tuesday Blitz November 08 Late 2022"]
[White "Kunin, Vitaly"]
[Black "Andreikin, Dmitry"]
[WhiteFideId "4128737"]
[BlackFideId "4158814"]
[WhiteElo "2417"]
[BlackElo "2736"]
[Result "0-1"]
[Round "04"]
[TimeControl "180+1"]
[Date "2022.11.08"]
[WhiteClock "0:00:05"]
[BlackClock "0:00:21"]

1. d4 Nf6 2. c4 e6 3. Nc3 Bb4 4. Nf3 O-O 5. Bd2 d5 6. e3 c6 7. Bd3 Nbd7 8. O-O dxc4 9. Bxc4 Bd6 10. h3 e5 11. Qc2 Qe7 12. Bd3 Re8 13. Ng5 h6 14. Nge4 Bb8 15. Rfe1 Nxe4 16. Bxe4 Nf6 17. Bf5 Bc7 18. Bxc8 Raxc8 19. dxe5 Qxe5 20. g3 h5 21. h4 Ng4 22. Rf1 Re6 23. Ne2 g5 24. Bc3 Qc5 25. Nd4 Rg6 26. Qf5 Qxf5 27. Nxf5 Re8 28. Rad1 gxh4 29. Rd7 hxg3 30. Rxc7 gxf2+ 31. Kh1 Rg5 32. Ne7+ Kf8 33. Bb4 c5 34. Rxc5 Rxc5 35. Bxc5 Rxe7 36. Bxe7+ Kxe7 37. e4 Ke6 38. Kg2 Ne3+ 39. Kxf2 Nxf1 0-1


[Site "https://www.chess.com"]

[Event "Titled Tuesday Blitz November 08 Late 2022"]
[White "Ladan, Nicholas"]
[Black "Rose, Felix"]
[WhiteFideId "30918855"]
[BlackFideId "5105722"]
[WhiteElo "2167"]
[BlackElo "2039"]
[Result "1-0"]
[Round "04"]
[TimeControl "180+1"]
[Date "2022.11.09"]
[WhiteClock "0:00:09"]
[BlackClock "0:00:02"]

1. b3 e5 2. Bb2 Nc6 3. c4 Nf6 4. e3 d5 5. cxd5 Nxd5 6. a3 Be6 7. Nf3 f6 8. Qc2 Qd7 9. b4 O-O-O 10. b5 Na5 11. d4 e4 12. Nfd2 f5 13. Nc3 b6 14. Rc1 Bd6 15. Nxd5 Bxd5 16. Nc4 Nxc4 17. Bxc4 Bxc4 18. Qxc4 f4 19. Qc6 Qxc6 20. Rxc6 fxe3 21. fxe3 Rhf8 22. Ke2 Rf5 23. Bc3 Rxb5 24. Rf1 Kb7 25. Rc4 Rb3 26. Rf7 Rxa3 27. d5 Ra2+ 28. Kf1 b5 29. Rxe4 Bxh2 30. Rh4 Bg3 31. Rg4 Bh2 32. e4 Bd6 33. Rgxg7 b4 34. Bxb4 Bxb4 35. Rxc7+ Ka8 36. e5 Rf8+ 37. Kg1 1-0


[Site "https://www.chess.com"]

[Event "Titled Tuesday Blitz November 08 Late 2022"]
[White "Lazavik, Denis"]
[Black "Urazayev, Arystanbek"]
[WhiteFideId "13515110"]
[BlackFideId "13709810"]
[WhiteElo "2483"]
[BlackElo "2441"]
[Result "1-0"]
[Round "04"]
[TimeControl "180+1"]
[Date "2022.11.08"]
[WhiteClock "0:00:13"]
[BlackClock "0:00:11"]

1. d4 Nf6 2. c4 g6 3. g3 Bg7 4. Bg2 O-O 5. Nc3 d6 6. Nf3 c5 7. O-O Nc6 8. dxc5 dxc5 9. Bf4 Be6 10. Ne5 Nxe5 11. Bxe5 Bxc4 12. Bxb7 Qxd1 13. Rfxd1 Rad8 14. b3 Be6 15. Rac1 c4 16. b4 Bh6 17. e3 Bg4 18. Rxd8 Rxd8 19. Bxf6 exf6 20. Bd5 Bf8 21. Rb1 Be6 22. Bxe6 fxe6 23. b5 Kf7 24. Kf1 Rd3 25. Rc1 f5 26. Ke2 Bb4 27. Nb1 Rd5 28. a4 Rc5 29. Nd2 c3 30. Nb3 Rd5 31. Rd1 Rxd1 32. Kxd1 g5 33. Kc2 Kg6 34. Nd4 Kf6 35. Nc6 Bc5 36. Kxc3 f4 37. gxf4 gxf4 38. Kd3 Kf5 39. a5 Kg4 40. exf4 Kxf4 41. Ke2 Ke4 42. Nxa7 Kd5 43. b6 Kc4 44. Nc8 Kb5 45. b7 1-0


[Site "https://www.chess.com"]

[Event "Titled Tuesday Blitz November 08 Late 2022"]
[White "Leschinsky, Gary"]
[Black "Rosen, Eric"]
[WhiteFideId "30951321"]
[BlackFideId "2032562"]
[WhiteElo "1855"]
[BlackElo "2362"]
[Result "1-0"]
[Round "04"]
[TimeControl "180+1"]
[Date "2022.11.09"]
[WhiteClock "0:00:10"]
[BlackClock "0:00:02"]

1. d4 d5 2. c4 e6 3. Nc3 Nf6 4. cxd5 exd5 5. Bg5 c6 6. e3 Bd6 7. Bd3 h6 8. Bh4 O-O 9. Nf3 Re8 10. a3 a5 11. O-O Be6 12. Ne5 c5 13. Nf3 Nc6 14. Nb5 Be7 15. dxc5 Bxc5 16. Rc1 Be7 17. Nbd4 Bg4 18. Nxc6 bxc6 19. Rxc6 Nd7 20. Bxe7 Qxe7 21. Be2 Nf6 22. Qd4 Bf5 23. Rfc1 Rab8 24. h3 Be4 25. R1c5 Qa7 26. Rc7 Qb6 27. Bb5 Red8 28. Nd2 Bg6 29. a4 Qd6 30. R5c6 Qf8 31. Nb3 Ra8 32. f3 Re8 33. Kf2 Red8 34. Qc5 Ne8 35. Qxf8+ Kxf8 36. Rb7 Nd6 37. Rbb6 Nxb5 38. Rxb5 Bd3 39. Rxa5 Rab8 40. Rc3 Bc4 41. Nd4 Rxb2+ 42. Kg3 h5 43. Rc2 Rb1 44. h4 Rdb8 45. Ra7 R8b6 46. a5 Rg6+ 47. Kh2 Ke8 48. Nf5 Kd8 49. Rxf7 Ra6 50. Rd2 Rxa5 51. Rxg7 Raa1 52. Nd6 Rh1+ 53. Kg3 Bb3 54. Nb5 Rae1 55. Nc3 Bc4 56. Nxd5 Bxd5 57. Rxd5+ Ke8 58. e4 Rc1 59. Rxh5 Kf8 60. Rb7 Kg8 61. Ra5 Rc8 62. Rab5 Rd1 63. Rb8 Rxb8 64. Rxb8+ Kg7 65. Kf4 Rd7 66. g4 Rf7+ 67. Kg3 Ra7 68. h5 Ra1 69. g5 Kh7 70. Rb7+ Kg8 71. Kg4 Kh8 72. Kf5 Ra5+ 73. e5 Ra8 74. f4 Rf8+ 75. Kg4 Rc8 76. h6 Rg8 77. f5 Rc8 78. g6 Ra8 79. Kg5 Re8 80. e6 Rf8 81. e7 Re8 82. Rd7 Rg8 83. Rd8 Re8 84. Rxe8# 1-0


[Site "https://www.chess.com"]

[Event "Titled Tuesday Blitz November 08 Late 2022"]
[White "Levine, David"]
[Black "Grave, Jacob Templen"]
[WhiteFideId "2011611"]
[BlackFideId "1542656"]
[WhiteElo "2176"]
[BlackElo "2126"]
[Result "1-0"]
[Round "04"]
[TimeControl "180+1"]
[Date "2022.11.09"]
[WhiteClock "0:00:14"]
[BlackClock "0:00:01"]

1. d4 g6 2. Nf3 Bg7 3. g3 d6 4. Bg2 Nf6 5. O-O O-O 6. c4 Nbd7 7. Nc3 c6 8. e4 e5 9. h3 Re8 10. Be3 a5 11. Qc2 exd4 12. Nxd4 Nc5 13. Rad1 Qe7 14. Rfe1 Ne6 15. Nde2 Nc5 16. Bd4 Be6 17. b3 Nfd7 18. Nf4 Bxd4 19. Rxd4 Ne5 20. Red1 Rad8 21. Kf1 g5 22. Nxe6 Nxe6 23. R4d2 Rd7 24. Ne2 Red8 25. Nd4 Nxd4 26. Rxd4 c5 27. Rd5 Nc6 28. Qd2 b6 29. Qxg5+ Qxg5 30. Rxg5+ Kf8 31. h4 f6 32. Rh5 Kg7 33. Bh3 Re7 34. f3 Nd4 35. Kf2 Re5 36. Bf5 h6 37. Bg4 Re7 38. Rd5 Ra8 39. Bf5 a4 40. R1xd4 cxd4 41. Rxd4 axb3 42. axb3 Ra2+ 43. Ke3 Rb2 44. Rxd6 Rxb3+ 45. Kf4 Rc7 46. Be6 Rc3 47. Bd5 Rb3 48. Rd8 1-0


[Site "https://www.chess.com"]

[Event "Titled Tuesday Blitz November 08 Late 2022"]
[White "Lopez Martinez, Josep Manuel"]
[Black "Wieczorek, Oskar"]
[WhiteFideId "2212943"]
[BlackFideId "1133950"]
[WhiteElo "2471"]
[BlackElo "2404"]
[Result "0-1"]
[Round "04"]
[TimeControl "180+1"]
[Date "2022.11.09"]
[WhiteClock "0:00:24"]
[BlackClock "0:00:15"]

1. e4 e5 2. Nf3 Nc6 3. Bb5 a6 4. Ba4 Nf6 5. d3 d6 6. c4 Bg4 7. h3 Bxf3 8. Bxc6+ bxc6 9. Qxf3 Be7 10. Nc3 O-O 11. Be3 a5 12. d4 exd4 13. Bxd4 Nd7 14. O-O c5 15. Be3 Bf6 16. Rac1 a4 17. Qe2 Re8 18. f3 Bxc3 19. Rxc3 Qc8 20. Kh1 Qb7 21. Rc2 Ne5 22. Rd1 Nc6 23. Rcd2 Nb4 24. a3 Nc6 25. Rc1 Na5 26. Rc3 Qc8 27. Qd3 Qe6 28. Bg1 Rab8 29. Qc2 Rb3 30. Rxb3 axb3 31. Qc3 Nxc4 32. Rd3 Rb8 33. Rd1 Nb6 34. Qa5 Qc4 35. Qa7 Rc8 36. Qb7 Qc2 37. Rd5 Qxb2 38. Bxc5 Qc1+ 39. Kh2 b2 40. Bxb6 cxb6 41. Rd1 h6 0-1


[Site "https://www.chess.com"]

[Event "Titled Tuesday Blitz November 08 Late 2022"]
[White "Luxama, Jacques Muller"]
[Black "Jean Louis, Marckens"]
[WhiteFideId "11900113"]
[BlackFideId "11900270"]
[WhiteElo "1931"]
[BlackElo "2030"]
[Result "1-0"]
[Round "04"]
[TimeControl "180+1"]
[Date "2022.11.09"]
[WhiteClock "0:01:55"]
[BlackClock "0:00:40"]

1. e4 c6 2. d4 d5 3. exd5 cxd5 4. c4 Nf6 5. Nc3 Nc6 6. Bg5 e6 7. Nf3 Be7 8. c5 O-O 9. Bb5 h6 10. Bf4 Ne4 11. O-O Bf6 12. Bxc6 bxc6 13. Ne5 Ba6 14. Re1 Bxe5 15. Bxe5 Nxc3 16. bxc3 Qa5 17. Qg4 f6 18. Qxe6+ Kh8 19. Bd6 Rfe8 20. Qxe8+ Rxe8 21. Rxe8+ Kh7 22. Re3 Qa3 23. h4 Qb2 24. Rae1 Qxa2 25. Re7 Qd2 26. R1e3 Qd1+ 27. Kh2 Qg4 28. Rg3 Qxh4+ 29. Kg1 Qh5 30. Rexg7+ 1-0


[Site "https://www.chess.com"]

[Event "Titled Tuesday Blitz November 08 Late 2022"]
[White "Makaraci, Tunahan"]
[Black "Leiva, Gianmarco"]
[WhiteFideId "6356559"]
[BlackFideId "3804399"]
[WhiteElo "2161"]
[BlackElo "2286"]
[Result "0-1"]
[Round "04"]
[TimeControl "180+1"]
[Date "2022.11.09"]
[WhiteClock "0:00:03"]
[BlackClock "0:00:04"]

1. e4 c5 2. Nf3 d6 3. d4 cxd4 4. Nxd4 Nf6 5. Nc3 a6 6. Bc4 e6 7. Bb3 b5 8. Bg5 Be7 9. Qf3 Qb6 10. O-O-O Nbd7 11. Bxf6 Nxf6 12. e5 Bb7 13. Qe2 dxe5 14. Qxe5 O-O 15. f3 Rac8 16. Kb1 Rxc3 17. bxc3 Nd5 18. Bxd5 Bxd5 19. Nb3 Bf6 20. Qe1 Qc6 21. Rd3 a5 22. Qd2 Rb8 23. Rd1 a4 24. Nc1 Qc4 25. Rd4 b4 26. Ka1 bxc3 27. Qe3 Qb5 28. Nd3 Qb6 29. Rb4 Qd8 30. Rxb8 Qxb8 31. Rb1 Qxh2 32. f4 h5 33. Ne5 Qxg2 34. Rb8+ Kh7 35. Qd3+ Be4 36. Qxc3 Qf1+ 37. Rb1 Qxf4 0-1


[Site "https://www.chess.com"]

[Event "Titled Tuesday Blitz November 08 Late 2022"]
[White "Makarian, Rudik"]
[Black "Nakamura, Hikaru"]
[WhiteFideId "44105681"]
[BlackFideId "2016192"]
[WhiteElo "2423"]
[BlackElo "2909"]
[Result "0-1"]
[Round "04"]
[TimeControl "180+1"]
[Date "2022.11.08"]
[WhiteClock "0:00:06"]
[BlackClock "0:01:03"]

1. d3 d5 2. f4 c5 3. Nf3 Nc6 4. g3 g6 5. Bg2 Bg7 6. O-O Nf6 7. Nc3 d4 8. Na4 Nd7 9. c4 dxc3 10. Nxc3 O-O 11. e4 b6 12. Be3 Ba6 13. Qe2 Nd4 14. Bxd4 cxd4 15. Nd1 e5 16. f5 Rc8 17. Nf2 Rc6 18. Rac1 Rxc1 19. Rxc1 Bh6 20. Rd1 Be3 21. Kf1 h5 22. g4 Bxf2 23. Qxf2 hxg4 24. Ne1 Qg5 25. Kg1 Rc8 26. fxg6 fxg6 27. Qg3 Nf6 28. Bf1 Nh5 29. h4 Qf4 30. Qf2 Rf8 31. Qxf4 exf4 32. Nc2 f3 33. Nxd4 g3 34. Ne6 Nf4 35. Nxf8 f2+ 36. Kh1 Kxf8 37. Rc1 Bxd3 0-1


[Site "https://www.chess.com"]

[Event "Titled Tuesday Blitz November 08 Late 2022"]
[White "Makridis, Dimitrios"]
[Black "Ter-Sahakyan, Samvel"]
[WhiteFideId "25864475"]
[BlackFideId "13302531"]
[WhiteElo "2272"]
[BlackElo "2584"]
[Result "0-1"]
[Round "04"]
[TimeControl "180+1"]
[Date "2022.11.08"]
[WhiteClock "0:00:10"]
[BlackClock "0:00:09"]

1. e4 c6 2. d4 d5 3. exd5 cxd5 4. Bd3 Nc6 5. c3 Nf6 6. h3 g6 7. Nf3 Bf5 8. Ne5 Bxd3 9. Nxd3 e6 10. O-O Bd6 11. Bg5 h6 12. Be3 g5 13. Nd2 Rg8 14. f3 Bc7 15. Qb3 Qd6 16. f4 g4 17. Ne5 Bb6 18. hxg4 Nxg4 19. Nxg4 Rxg4 20. Nf3 O-O-O 21. Ne5 Rg7 22. Rf2 Rdg8 23. a4 Ne7 24. a5 Bc7 25. c4 dxc4 26. Qxc4 Qd5 27. Qxd5 Nxd5 28. Bd2 a6 29. Rc1 f5 30. Kf1 h5 31. Nc4 Kb8 32. Ne5 h4 33. b4 Rh8 34. Ke2 h3 35. gxh3 Rxh3 36. Rb1 Bxe5 37. dxe5 Rd7 38. Rg2 Ka7 39. b5 axb5 40. Rxb5 Ra3 41. Rg8 Ra2 42. Ke1 Rxd2 43. Kxd2 Nc7+ 44. Kc3 Nxb5+ 45. Kc4 Nc7 46. Kb4 Nd5+ 47. Kc5 Nxf4 48. Re8 Nd3+ 49. Kb5 Rd5+ 50. Kc4 Nxe5+ 51. Kb4 Nc6+ 52. Kc4 Nxa5+ 53. Kb4 Nc6+ 54. Kc4 Re5 55. Rh8 Kb6 56. Rf8 Re4+ 57. Kd3 Ne5+ 58. Kc3 f4 59. Rf6 Nc6 60. Kd3 Rd4+ 61. Ke2 e5 62. Kf3 Kc5 63. Rf8 b5 0-1


[Site "https://www.chess.com"]

[Event "Titled Tuesday Blitz November 08 Late 2022"]
[White "Maksimovic, Bojan"]
[Black "Bortnyk, Olexandr"]
[WhiteFideId "14408120"]
[BlackFideId "14120828"]
[WhiteElo "2447"]
[BlackElo "2723"]
[Result "1/2-1/2"]
[Round "04"]
[TimeControl "180+1"]
[Date "2022.11.08"]
[WhiteClock "0:00:13"]
[BlackClock "0:00:42"]

1. e4 Nf6 2. Nc3 d5 3. e5 Nfd7 4. f4 d4 5. Ne4 f5 6. Nf2 Nc5 7. Nf3 Nc6 8. c3 a6 9. b4 Ne6 10. g3 g6 11. Bg2 Bh6 12. h4 O-O 13. O-O Ng7 14. a4 Be6 15. Rb1 b5 16. axb5 axb5 17. Qe2 Ba2 18. Qxb5 Bxb1 19. Qxc6 dxc3 20. dxc3 Qe8 21. Nd4 Qxc6 22. Nxc6 Rfe8 23. Nxe7+ Kf8 24. Nd5 Nh5 25. Nxc7 Nxg3 26. Nxa8 Ne2+ 27. Kh1 Ng3+ 28. Kg1 Ne2+ 29. Kh1 Ng3+ 30. Kg1 1/2-1/2


[Site "https://www.chess.com"]

[Event "Titled Tuesday Blitz November 08 Late 2022"]
[White "Maltsevskaya, Aleksandra"]
[Black "Roux, Baptiste"]
[WhiteFideId "24174041"]
[BlackFideId "36017450"]
[WhiteElo "2282"]
[BlackElo "2077"]
[Result "0-1"]
[Round "04"]
[TimeControl "180+1"]
[Date "2022.11.09"]
[WhiteClock "0:02:32"]
[BlackClock "0:02:13"]

1. Nf3 Nf6 2. g3 g6 3. d3 Bg7 4. Nbd2 O-O 5. Bg2 Re8 6. O-O e5 7. e4 d6 8. Ne1 Nc6 9. f4 exf4 10. gxf4 Bg4 11. Nef3 Qd7 12. f5 gxf5 13. h3 fxe4 14. hxg4 exf3 15. Bxf3 Ne5 16. Ne4 Nxf3+ 17. Rxf3 Nxe4 18. dxe4 Qxg4+ 19. Kh2 Re5 0-1


[Site "https://www.chess.com"]

[Event "Titled Tuesday Blitz November 08 Late 2022"]
[White "Martinez Alcantara, Jose Eduardo"]
[Black "Lewtak, Damian"]
[WhiteFideId "3805662"]
[BlackFideId "1141724"]
[WhiteElo "2705"]
[BlackElo "2329"]
[Result "1-0"]
[Round "04"]
[TimeControl "180+1"]
[Date "2022.11.08"]
[WhiteClock "0:02:11"]
[BlackClock "0:02:32"]

1. e4 g6 2. d4 Bg7 3. c3 a6 4. Bd3 b5 5. f4 Bb7 6. Nf3 d6 7. O-O Nd7 8. e5 e6 9. Nbd2 Ne7 10. Ne4 d5 11. Nf2 c5 12. Be3 h5 13. dxc5 d4 14. cxd4 Nd5 15. Bd2 Bh6 16. Ne4 O-O 17. Nfg5 Bc6 18. g4 h4 19. Qe1 Bxg5 20. Nxg5 Kg7 21. Bxg6 Kxg6 22. Qe4+ f5 23. exf6+ Kxf6 24. Qxe6+ Kg7 25. Qxc6 1-0


[Site "https://www.chess.com"]

[Event "Titled Tuesday Blitz November 08 Late 2022"]
[White "Martinez, Shawn"]
[Black "Marcolino, Daniel Mattos"]
[WhiteFideId "2039770"]
[BlackFideId "2106841"]
[WhiteElo "2174"]
[BlackElo "2093"]
[Result "1-0"]
[Round "04"]
[TimeControl "180+1"]
[Date "2022.11.09"]
[WhiteClock "0:00:03"]
[BlackClock "0:00:09"]

1. e4 c6 2. d4 d5 3. exd5 cxd5 4. Nf3 Nc6 5. Ne5 Nf6 6. Bb5 Bd7 7. Nxd7 Qxd7 8. c3 a6 9. Bd3 e6 10. O-O Bd6 11. Nd2 O-O 12. Qe2 b5 13. Nf3 Qb7 14. Ne5 b4 15. f4 Rfc8 16. Bd2 bxc3 17. bxc3 Bf8 18. Rab1 Qa7 19. Rf3 g6 20. Re1 Bg7 21. g4 Nd7 22. Nxf7 Kxf7 23. Qxe6+ Kf8 24. f5 Nf6 25. fxg6 hxg6 26. Rxf6+ Bxf6 27. Qxf6+ Kg8 28. Bh6 Qf7 29. Qg5 Re8 30. Rf1 Qh7 31. Bxg6 Qe7 32. Bf7+ Kh7 33. Qg7# 1-0


[Site "https://www.chess.com"]

[Event "Titled Tuesday Blitz November 08 Late 2022"]
[White "Mazurkiewicz, Michal"]
[Black "Curtis, John"]
[WhiteFideId "1124943"]
[BlackFideId "3200256"]
[WhiteElo "2063"]
[BlackElo "2203"]
[Result "1-0"]
[Round "04"]
[TimeControl "180+1"]
[Date "2022.11.09"]
[WhiteClock "0:00:29"]
[BlackClock "0:00:04"]

1. e4 c5 2. Nf3 d6 3. g3 g6 4. Bg2 Bg7 5. O-O Nf6 6. d3 O-O 7. Re1 Nc6 8. e5 Ng4 9. exd6 exd6 10. Nc3 d5 11. h3 Nf6 12. Bf4 h6 13. Ne5 g5 14. Nxc6 bxc6 15. Be5 Re8 16. Qf3 Nd7 17. Bxg7 Kxg7 18. Na4 Ba6 19. Qg4 Rxe1+ 20. Rxe1 Qa5 21. Qxd7 Qxe1+ 22. Kh2 Qxf2 23. Qxc6 Rb8 24. Qxa6 Qxc2 25. Qxa7 Re8 26. Nc3 d4 27. Ne4 Qxd3 28. Nd6 Rf8 29. Qxc5 Qd2 30. Qe5+ Kg8 31. Nf5 1-0


[Site "https://www.chess.com"]

[Event "Titled Tuesday Blitz November 08 Late 2022"]
[White "Melikhov, Evgeny V."]
[Black "Freile Martin, Javier"]
[WhiteFideId "4122046"]
[BlackFideId "3600165"]
[WhiteElo "2169"]
[BlackElo "2467"]
[Result "1-0"]
[Round "04"]
[TimeControl "180+1"]
[Date "2022.11.09"]
[WhiteClock "0:01:41"]
[BlackClock "0:00:30"]

1. d4 Nf6 2. c4 g6 3. Nc3 Bg7 4. e4 d6 5. f3 O-O 6. Be3 e5 7. d5 Nh5 8. Qd2 Qh4+ 9. Bf2 Qe7 10. O-O-O Na6 11. Kb1 f5 12. exf5 gxf5 13. Nge2 Bd7 14. h3 f4 15. Ne4 b6 16. N2c3 Nc5 17. Nxc5 bxc5 18. Ne4 1-0


[Site "https://www.chess.com"]

[Event "Titled Tuesday Blitz November 08 Late 2022"]
[White "Mendez Fortes, Eduardo Jesus"]
[Black "Martinez Reyes, Pedro Ramon"]
[WhiteFideId "3502376"]
[BlackFideId "3901807"]
[WhiteElo "2307"]
[BlackElo "2354"]
[Result "1-0"]
[Round "04"]
[TimeControl "180+1"]
[Date "2022.11.09"]
[WhiteClock "0:00:17"]
[BlackClock "0:00:26"]

1. e4 d5 2. exd5 Qxd5 3. Nc3 Qd8 4. d4 Nf6 5. Bc4 g6 6. Nf3 Bg7 7. Ne5 O-O 8. Be3 Nbd7 9. f4 Nb6 10. Bb3 a5 11. a4 Nbd5 12. Qf3 c6 13. Bf2 Nxc3 14. bxc3 Bf5 15. O-O Qc8 16. Rfe1 Be6 17. Bxe6 fxe6 18. Bh4 Nd5 19. g3 Bf6 20. Bxf6 exf6 21. Nc4 Qd7 22. Reb1 b5 23. axb5 cxb5 24. Nxa5 Qc7 25. Nb3 Qxc3 26. Qxc3 Nxc3 27. Re1 Kf7 28. Kf2 Ra4 29. Nc5 Raa8 30. Rxa8 Rxa8 31. Rxe6 Ra2 32. Ke3 Nd5+ 33. Kd3 Ra3+ 34. Kd2 Rf3 35. Rd6 Nc3 36. Rd7+ Ke8 37. Rxh7 f5 38. Nd3 Ne4+ 39. Ke2 Nf6 40. Rh8+ Kf7 41. Kxf3 Kg7 42. Rb8 Ne4 43. Rb7+ Kf6 44. Ne5 Nd2+ 45. Ke2 Nc4 46. Nxc4 bxc4 47. Rc7 c3 48. Rxc3 g5 49. Rc6+ Kg7 50. fxg5 f4 51. gxf4 Kf7 52. f5 Kg7 53. Kf3 Kf7 54. Rc7+ Kg8 55. f6 Kf8 56. g6 Kg8 57. Rc8# 1-0


[Site "https://www.chess.com"]

[Event "Titled Tuesday Blitz November 08 Late 2022"]
[White "Milikow, Yoav"]
[Black "Xiong, Jeffery"]
[WhiteFideId "2822237"]
[BlackFideId "2047640"]
[WhiteElo "2341"]
[BlackElo "2725"]
[Result "0-1"]
[Round "04"]
[TimeControl "180+1"]
[Date "2022.11.08"]
[WhiteClock "0:00:06"]
[BlackClock "0:00:05"]

1. d4 Nf6 2. c4 e6 3. Nc3 Bb4 4. Qc2 d5 5. a3 Bxc3+ 6. Qxc3 dxc4 7. Qxc4 b6 8. Nf3 Ba6 9. Qa4+ Qd7 10. Qc2 O-O 11. Bg5 c5 12. dxc5 Rc8 13. Bxf6 gxf6 14. Rd1 Qb5 15. Qc3 Rxc5 16. Qxf6 Nd7 17. Qe7 Rd5 18. Rxd5 Qxd5 19. Ng5 Ne5 20. f4 Rf8 21. Nxh7 Kxh7 22. Qxf8 Qc4 23. Qb4 Qc1+ 24. Kf2 Ng4+ 25. Kg3 Nf6 26. Qd4 Kg6 27. h3 Qe1+ 28. Kh2 Qh4 29. g3 Qh8 30. e3 Bb7 31. Bd3+ Kg7 32. Rg1 Kf8 33. g4 Qh4 34. Qb4+ Kg8 35. Qe1 Qh7 36. Qg3 Qg7 37. g5 Nh5 38. Qf2 Qh8 39. Bf1 Ng7 40. Bg2 Ba6 41. e4 Nh5 42. f5 Qe5+ 43. Kh1 Ng3+ 44. Qxg3 Qxg3 45. g6 f6 46. e5 Qxe5 47. fxe6 Qxe6 48. Rd1 Kg7 49. Rd6 Qxd6 50. Bc6 Qxc6+ 0-1


[Site "https://www.chess.com"]

[Event "Titled Tuesday Blitz November 08 Late 2022"]
[White "Moskvin, Anatoly"]
[Black "Hauge, Lars Oskar"]
[WhiteFideId "24199990"]
[BlackFideId "1509276"]
[WhiteElo "2079"]
[BlackElo "2431"]
[Result "1/2-1/2"]
[Round "04"]
[TimeControl "180+1"]
[Date "2022.11.08"]
[WhiteClock "0:00:12"]
[BlackClock "0:00:10"]

1. e4 c5 2. Nf3 Nc6 3. g3 Nf6 4. d3 d5 5. exd5 Nxd5 6. Bg2 g6 7. O-O Bg7 8. Re1 O-O 9. Nbd2 Re8 10. Ne4 b6 11. h3 e5 12. Bg5 f6 13. Bd2 Be6 14. a4 Qe7 15. Qc1 Rad8 16. Bh6 Bh8 17. Nc3 Qf7 18. Bd2 Bg7 19. Bh6 Bh8 20. Bd2 Rd7 21. Ne4 Qe7 22. Nc3 Red8 23. Nb5 Bg7 24. Na3 Qf8 25. Nc4 h6 26. Ne3 Kh7 27. Ng4 Re8 28. Nh4 f5 29. Ne3 Nd4 30. Bc3 Qf7 31. Nc4 e4 32. Bxd4 Bxd4 33. c3 Bg7 34. dxe4 Nxc3 35. bxc3 Bxc4 36. exf5 Rxe1+ 37. Qxe1 gxf5 38. Nxf5 Bf6 39. Be4 Kh8 40. Rd1 h5 41. Rxd7 Qxd7 42. Qe3 Kg8 43. Qh6 Bxc3 44. Qg6+ Kf8 45. Nd6 Be6 46. Bf5 Qxd6 47. Bxe6 Ke7 48. Qf7+ Kd8 49. Bc4 a5 50. Bb5 Bd4 51. Qe8+ Kc7 52. Qf7+ Kb8 53. Qe8+ Kb7 54. Qf7+ Ka8 55. Qe8+ Ka7 56. Qf7+ Kb8 57. Qe8+ Kb7 58. Qf7+ Qc7 59. Qd5+ Ka7 60. Kg2 Qe7 61. g4 hxg4 62. hxg4 Kb8 63. Qg8+ Kc7 64. Qd5 Qf6 65. Qd7+ Kb8 66. Qe8+ Kb7 67. Qd7+ Kb8 68. Qe8+ Kc7 69. Qd7+ Kb8 1/2-1/2


[Site "https://www.chess.com"]